Unix NetHack Version 3.7.0-59 Work-in-progress - last build Jun 21 2022 21:34:18 (82e59222e4b6558e33156aede0636042c14940b8,branch:master). Game began 2022-07-02 12:09:56, ended 2022-07-08 18:26:12. spontiff, neutral male gnomish Healer --------------- # ####..>............# ---------.----- --------------- #### |.............|# |.............| |.............-### |.^.).....[...|# |..............#### |..........([.| ######...{..........|# |.............| ########-.............-#### -------------.-# |.............| |.............| ## f --------------- --------------- ## # ## T ########[##*#####*############### ### ##@#### -.-|-- #----.-- |....| #|...^.| |....| #|.....| |...(| ##|..<..| |.....####......| ------ ------- Spontiff the Rhizotomist St:16 Dx:8 Co:18 In:8 Wi:16 Ch:17 Neutral S:700 Dlvl:12 $:0 HP:0(66) Pw:6(10) AC:-18 Xp:1/0 T:41814 Fainted Deaf Latest messages: The rock troll hits! You stop searching. The rock troll hits! The rock troll bites! You climb up the stairs. The rock troll swings his curved sword. The rock troll hits! The rock troll misses! The rock troll bites! The large cat misses the rock troll. You see here an orcish dagger. The large cat bites the rock troll. The rock troll swings his curved sword at the large cat. The rock troll hits the large cat. The rock troll misses the large cat. The rock troll bites the large cat. You faint from lack of food. The rock troll swings his curved sword. The rock troll hits! The rock troll hits! The rock troll bites! The rock troll swings his curved sword. The rock troll hits! The rock troll hits! The rock troll bites! The rock troll swings his curved sword. The rock troll misses! The rock troll misses! The rock troll misses! The rock troll swings his curved sword. The rock troll hits! The rock troll misses! The rock troll bites! The rock troll swings his curved sword. The rock troll hits! The rock troll hits! The rock troll bites! The rock troll swings his curved sword. The rock troll misses! The rock troll hits! The rock troll bites! The rock troll swings his curved sword. The rock troll hits! The rock troll misses! The rock troll bites! The rock troll swings his curved sword. The rock troll hits! You die... Do you want your possessions identified? [ynq] (y) y Do you want to see the dungeon overview? [ynq] (y) q Major events: Turn 1: spontiff the neutral male gnomish Healer entered the dungeon 2431: entered the Gnomish Mines 6553: reached Mine Town 6716: found Sting on the floor 22075: killed the Oracle 22271: entered Sokoban 29871: completed sokoban 1 30667: completed sokoban 2 31378: completed sokoban 3 36226: completed sokoban 4 36503: acquired the Sokoban amulet of reflection 41814: killed by a rock troll, while fainted from lack of food Inventory: Amulets A - an uncursed amulet of reflection (being worn) Armor h - a blessed +3 elven leather helm (being worn) g - an uncursed +1 pair of leather gloves (being worn) v - an uncursed +3 pair of iron shoes (being worn) r - an uncursed +0 small shield (being worn) q - an uncursed burnt +0 cloak of magic resistance (being worn) d - an uncursed +0 studded leather armor (being worn) Comestibles y - an uncursed apple a - an uncursed cream pie (wielded) j - an uncursed eucalyptus leaf n - an uncursed food ration p - an uncursed tripe ration i - an uncursed lizard corpse Wands D - an uncursed wand of digging (0:4) T - an uncursed wand of teleportation (0:5) Tools f - a blessed bag of holding containing 53 items z - an uncursed leash o - an uncursed magic whistle w - an uncursed mirror x - an uncursed oil lamp k - an uncursed skeleton key s - an uncursed stethoscope t - an uncursed wet towel named CoPo c - a blessed +0 unicorn horn Gems/Stones E - an uncursed ruby Contents of the bag of holding: 778 gold pieces an uncursed amulet of ESP an uncursed +1 dwarvish iron helm an uncursed +0 elven shield a blessed +1 elven cloak an uncursed +0 mummy wrapping 4 uncursed food rations 3 uncursed tripe rations a cursed tripe ration an uncursed lizard corpse an uncursed lizard corpse a cursed scroll of confuse monster an uncursed scroll of destroy armor an uncursed scroll of identify an uncursed scroll of light a blessed scroll of scare monster an uncursed scroll of teleportation an uncursed potion of enlightenment an uncursed potion of gain ability an uncursed potion of gain level an uncursed potion of levitation a blessed potion of object detection an uncursed potion of paralysis 2 potions of holy water a potion of unholy water an uncursed ring of protection from shape changers an uncursed ring of regeneration an uncursed ring of sustain ability an uncursed ring of teleportation an uncursed wand of create monster (0:9) an uncursed wand of digging (0:6) an uncursed wand of digging (0:5) an uncursed wand of make invisible (0:8) an uncursed wand of make invisible (0:5) an uncursed wand of secret door detection (0:11) an uncursed wand of sleep (0:0) an uncursed wand of slow monster (0:8) an uncursed wand of striking (0:8) an uncursed wand of striking (0:5) an uncursed wand of striking (0:0) an uncursed wand of teleportation (0:8) an uncursed wand of undead turning (0:8) an empty uncursed sack an uncursed +0 pick-axe an uncursed +0 unicorn horn an uncursed +0 unicorn horn 2 uncursed amethyst stones an uncursed aquamarine stone an uncursed diamond 2 uncursed worthless pieces of black glass an uncursed worthless piece of green glass 2 uncursed worthless pieces of white glass an uncursed worthless piece of yellowish brown glass Spontiff the Healer's attributes: Background: You were a Rhizotomist, a level 1 male gnomish Healer. You were neutral, on a mission for Hermes who was opposed by Athena (lawful) and Poseidon (chaotic). You were in the Dungeons of Doom, on level 12. You entered the dungeon 41814 turns ago. You had 0 experience points, 20 were needed to attain level 2. Your score was 700 before end-of-game adjustments. Basics: You had 0 out of 66 hit points. You had 6 out of 10 energy points (spell power). Your armor class was -18. Your wallet was empty. Autopickup was on for '$!/="?' plus thrown, with exceptions. Final Characteristics: Your strength was 16 (base:17, limit:18/50). Your dexterity was 8 (peak:10, limit:18). Your constitution was 18 (limit:18). Your intelligence was 8 (limit:19). Your wisdom was 16 (limit:18). Your charisma was 17 (limit:18). Final Status: You were deaf. You were fainted due to starvation. You were unencumbered. You were wielding some food. Final Attributes: You were piously aligned. You were magic-protected. You were cold resistant. You were poison resistant. You had infravision. You had a large defense bonus (+13). You were warded. You had reflection. You are dead. Miscellaneous: You encountered 2 bones levels. Total elapsed playing time was 12 hours, 10 minutes and 45 seconds. Vanquished creatures: the Oracle 3 ghosts 2 giant mimics 6 small mimics a djinni 2 large cats a dwarf ruler a tengu a mountain centaur 2 elf mummies a human mummy a leather golem 4 watchmen a chameleon a crocodile 2 giant beetles a quivering blob 3 wolves 4 leprechauns 2 iron piercers a giant spider a vampire bat a gnome ruler an orc mummy a yeti a gold golem a Green-elf 3 lizards 2 dingoes a dog a housecat 3 jaguars 2 dwarf leaders 3 black unicorns 3 dust vortices 6 gnome mummies 2 snakes 2 apes a human zombie 2 Woodland-elves a soldier ant 9 bugbears 4 imps 5 wood nymphs a water nymph 2 mountain nymphs 3 Mordor orcs 4 Uruk-hai 4 orc shamans 6 rock piercers 2 rock moles 3 ponies 4 fog clouds 6 yellow lights 5 shriekers 2 violet fungi 6 gnome leaders 2 gnomish wizards 3 kobold mummies a red naga hatchling a black naga hatchling a golden naga hatchling a guardian naga hatchling 2 gray oozes 6 elf zombies a ghoul 3 straw golems a paper golem 8 giant ants 3 little dogs 4 floating eyes 3 kittens 21 dwarves 9 homunculi 3 kobold leaders 4 kobold shamans 11 hill orcs 10 rothes 4 rabid rats 3 centipedes 7 giant bats a monkey 11 orc zombies 7 dwarf zombies 3 wererats 3 werejackals 18 iguanas 3 killer bees 14 acid blobs 13 coyotes 5 gas spores 12 hobbits 18 manes 3 large kobolds 18 hobgoblins 24 giant rats 16 cave spiders 3 brown molds 5 yellow molds 5 green molds 4 red molds 34 gnomes 4 garter snakes 11 gnome zombies 31 geckos 66 jackals 13 foxes 11 kobolds 26 goblins 30 sewer rats 57 grid bugs 9 bats 46 lichens 11 kobold zombies 71 newts 863 creatures vanquished. No species were genocided or became extinct. Voluntary challenges: You never hit with a wielded weapon. You were a pacifist. You read items or engraved 29 times. You engraved Elbereth 12 times. You never genocided any monsters. You never polymorphed an object. You never changed form. You used no wishes. You did not violate any of the special Sokoban rules. Achievements: You entered a shop. You entered the Gnomish Mines. You entered Minetown. You entered a temple. You entered Sokoban. You completed Sokoban. The Dungeons of Doom: levels 1 to 15 Level 1: "Pools" Level 2: A general store, an altar to Hermes. Stairs down to The Gnomish Mines. Level 3: Level 4: A health food store. Level 5: A general store. Level 6: Level 7: Some fountains. Oracle of Delphi. Final resting place for nmlkj-Wiz-Hum-Mal-Cha, killed by a kitten. Level 8: A sink. Stairs up to Sokoban, level 7. Level 9: Level 10: "magic trap" Level 11: A fountain. Level 12: <- You were here. A fountain. Final resting place for you, killed by a rock troll, while fainted from lack of food. Level 13: A sink. Level 14: Summoned by Hippocrates. Portal to The Quest. Level 15: The Gnomish Mines: levels 3 to 11 Level 3: "magic trap" Level 4: "magic trap" Level 5: Level 6: Many shops, a temple, some fountains, some graves. Final resting place for OpticSugar-Bar-Hum-Mal-Cha, killed by a priestess of Set, OpticSugar-Bar-Hum-Mal-Cha, killed by falling down a mine shaft. Level 7: "magic trap" Level 8: Level 9: Level 10: Level 11: "Catacombs" A fountain. The Quest: Level 1: Home. Sokoban: levels 7 up to 4 Level 4: Solved. Level 5: Solved. Level 6: Solved. Level 7: Solved. Game over: ---------- / \ / REST \ / IN \ / PEACE \ / \ | spontiff | | 778 Au | | killed by a rock | | troll | | | | | | 2022 | *| * * * | * _________)/\\_//(\/(/\)/\//\/|_)_______ Goodbye spontiff the Healer... You died in The Dungeons of Doom on dungeon level 12 with 700 points, and 778 pieces of gold, after 41814 moves. You were level 1 with a maximum of 66 hit points when you died.